 Dungeon Crawl Stone Soup version 0.28.0-1-gb440e238dd (webtiles) character file.

Game seed: 11065649727995922520

5665 Morbidden the Slasher (level 10, -7/70 (77) HPs)
             Began as a Demonspawn Fighter on Feb 21, 2022.
             Was a Priest of Cheibriados.
             Mangled by a spectral orc knight (11 damage)
             ... summoned by Nergalle
             ... on level 10 of the Dungeon.
             The game lasted 00:14:06 (8573 turns).

Morbidden the Slasher (Demonspawn Fighter)          Turns: 8573, Time: 00:14:07

HP:   -7/70 (77)    AC: 14    Str: 33    XL:     10   Next: 47%
MP:   14/14         EV: 11    Int: 16    God:    Cheibriados [***...]
Gold: 277           SH:  6    Dex: 21    Spells: 9/9 levels left

rFire   + . .      SeeInvis .   G - +4 long sword (freeze)
rCold   . . .      Faith    .   c - +0 buckler
rNeg    . . .      Spirit   .   z - +0 plate armour
rPois   .          Reflect  .   (helmet restricted)
rElec   .          Harm     .   (no cloak)
rCorr   .          Rampage  .   (no gloves)
Will    .....                   t - +0 pair of boots
Stlth   ..........              f - amulet of regeneration
HPRegen 1.01/turn               F - +6 ring of strength
MPRegen 0.14/turn               K - ring of Vauntiots {Wiz rF+}

@: drained, very slow
A: horns 2, ignite blood 1, powered by death 2, sharp scales 1
a: Renounce Religion, Bend Time, Temporal Distortion


You were on level 10 of the Dungeon.
You worshipped Cheibriados.
Cheibriados was most pleased with you.
You visited 2 branches of the dungeon, and saw 11 of its levels.

You collected 585 gold pieces.
You spent 308 gold pieces at shops.

Inventory:

Hand Weapons
 a - a +0 hunting sling
 b - a +1 short sword of draining
 A - a +4 dagger
 G - a +4 long sword of freezing (weapon)
Missiles
 h - 2 silver javelins
 u - 13 sling bullets
 x - 18 poisoned darts
 B - 6 boomerangs (quivered)
 I - 5 javelins
Armour
 c - a +0 buckler (worn)
 p - a +0 scale mail of cold resistance
 t - a +0 pair of boots (worn)
 z - a +0 plate armour (worn)
Jewellery
 f - an amulet of regeneration (around neck)
 F - a +6 ring of strength (left hand)
 H - a ring of ice
 K - the ring of Vauntiots (right hand) {Wiz rF+}
   (You found it on level 9 of the Dungeon)

   [ring of wizardry]

   It improves your spell success rate.
   rF:        It protects you from fire.
Wands
 J - a wand of iceblast (4)
Scrolls
 e - 2 scrolls of summoning
 g - 9 scrolls of identify
 j - 7 scrolls of teleportation
 l - a scroll of magic mapping {unknown}
 m - a scroll of blinking
 o - 4 scrolls of amnesia {unknown}
 q - 3 scrolls of fear {unknown}
 s - 4 scrolls of enchant armour {unknown}
 y - a scroll of vulnerability {unknown}
 C - a scroll of noise {unknown}
 D - a scroll of immolation {unknown}
 L - a scroll of torment {unknown}
 M - a scroll of fog {unknown}
Potions
 d - a potion of attraction {unknown}
 i - 3 potions of ambrosia
 k - 5 potions of curing
 n - 2 potions of heal wounds {unknown}
 r - 4 potions of brilliance
 v - 2 potions of degeneration {unknown}
 w - a potion of magic {unknown}
 E - a potion of cancellation {unknown}


   Skills:
 * Level 6.6 Fighting
 + Level 4.6(6.5) Short Blades
 * Level 7.1(7.8) Long Blades
 + Level 5.3 Slings
 + Level 5.1 Armour
 * Level 5.2 Dodging
 + Level 0.2 Stealth
 + Level 3.8 Shields
 * Level 6.2 Invocations


You had 9 spell levels left.
You didn't know any spells.
Your spell library contained the following spells:

 Spells                   Type           Power      Damage    Failure   Level
 Animate Skeleton         Necr           0%         N/A       67%         1
 Foxfire                  Conj/Fire      0%         2x1d4     67%         1
 Pain                     Necr           0%         1d4       67%         1
 Sandblast                Erth           0%         2d4       67%         1
 Sting                    Tmut/Pois      0%         1d3       67%         1
 Passwall                 Tmut/Erth      0%         N/A       80%         2
 Poisonous Vapours        Pois/Air       0%         N/A       80%         2
 Static Discharge         Conj/Air       0%         N/A       80%         2
 Conjure Flame            Conj/Fire      0%         6-21      95%         3
 Gell's Gravitas          Tloc           0%         N/A       95%         3
 Inner Flame              Hex/Fire       0%         N/A       95%         3
 Lesser Beckoning         Tloc           0%         N/A       95%         3
 Stone Arrow              Conj/Erth      0%         3d7       95%         3
 Teleport Other           Tloc           0%         N/A       95%         3
 Tukima's Dance           Hex            0%         N/A       95%         3
 Vampiric Draining        Necr           0%         2d6       95%         3
 Anguish                  Hex/Necr       0%         N/A       100%        4
 Dispel Undead            Necr           0%         3d6       100%        4
 Flame Wave               Conj/Fire      0%         2d4       100%        4
 Olgreb's Toxic Radiance  Pois           0%         N/A       100%        4
 Sticky Flame             Conj/Fire      0%         2d3       100%        4
 Enfeeble                 Hex            0%         N/A       100%        7


Dungeon Overview and Level Annotations

Branches:
Dungeon (10/15)            Temple (1/1) D:5            Lair (0/6) D:8
    Orc: D:9-12

Altars:
Ashenzari
Cheibriados
Dithmenos
Elyvilon
Fedhas
Gozag
Hepliaklqana
Kikubaaqudgha
Makhleb
Nemelex Xobeh
Okawaru
Qazlal
Ru
Sif Muna
Trog
Uskayaw
Vehumet
Wu Jian
Xom
Yredelemnul
Zin
The Shining One

Shops:
D:3 (   D:7 *?   D:8 [

Annotations:
D:2 Sigmund
D:6 3 runed translucent doors, NoOffense's ghost, amateur SpBr; noneguy's ghost, novice MiFi
D:10 Nergalle


Innate Abilities, Weirdness & Mutations

You have a pair of horns on your head.
Your demonic aura sometimes causes spilled blood to erupt in flames.
You regenerate health from kills.
You are partially covered in razor-sharp scales. (AC +1, Slay +1)


Message History

You hit the spectral orc knight.
The spectral orc knight is moderately damaged.
The spectral orc knight hits you with a +3 bardiche!
You feel drained.
The spectral orc warrior closely misses you.
You hit the spectral orc knight but do no damage.
The spectral orc knight is moderately damaged.
You block the spectral orc warrior's attack.
The spectral orc knight closely misses you.
You hit the spectral orc knight.
The spectral orc knight is moderately damaged.
The spectral orc knight barely misses you.
The spectral orc warrior barely misses you.
You slash the spectral orc knight! You headbutt the spectral orc knight.
The spectral orc knight is heavily damaged.
The spectral orc knight hits you with a +3 bardiche!
You block the spectral orc warrior's attack.
You completely miss the spectral orc knight.
You headbutt the spectral orc knight, but do no damage.
The spectral orc knight is heavily damaged.
The spectral orc warrior hits you with a +0 battleaxe.
The spectral orc knight barely misses you.
You barely miss the spectral orc knight.
You headbutt the spectral orc knight, but do no damage.
The spectral orc knight is heavily damaged.
Nergalle points at you and mumbles some strange words.
The bolt of negative energy hits you!!
You feel drained.
Ouch! That really hurt!
* * * LOW HITPOINT WARNING * * *
The spectral orc knight hits you with a +3 bardiche!
* * * LOW HITPOINT WARNING * * *
The spectral orc warrior hits you with a +0 battleaxe.
* * * LOW HITPOINT WARNING * * *
Nergalle gestures at you while chanting.
The bolt of negative energy hits the spectral orc warrior.
The spectral orc warrior completely resists.
The bolt of negative energy misses you.
The spectral orc knight is engulfed in blazing flames.
The spectral orc knight hits you from afar with a +3 bardiche!
You die...

##. #..
... #.#
#.# #.#
#.#
#@########
#Z○......#
#Zo#####..
##.# #.#
#.# #.#
#.. #.#


You could see Nergalle (empowered), a spectral orc warrior (summoned) and a
spectral orc knight (summoned).

Vanquished Creatures
  Maggie (D:6)
  An unseen horror (D:9)
  A queen bee (shapeshifter) (D:9)
  Grinder (D:6)
  Eustachio (D:6)
  A yak (D:8)
  2 wyverns
  A steam dragon (D:6)
  3 water moccasins
  5 orc warriors
  6 black bears (D:8)
  4 sky beasts
  A centaur (D:7)
  2 phantoms
  2 kobold brigands
  4 bullfrogs
  A gnoll sergeant (D:9)
  5 wights (D:8)
  A bullfrog zombie (D:7)
  2 jellies
  4 centaur zombies
  2 bullfrog skeletons
  2 centaur skeletons
  3 orc priests
  3 hounds
  4 iguanas
  Jessica (D:3)
  Terence (D:2)
  5 orc wizards
  A hound zombie (D:5)
  Robin (D:4)
  A howler monkey zombie (D:6)
  8 gnolls
  8 adders
  2 shadow imps (D:6)
  A white imp (D:8)
  2 worms
  An adder skeleton (D:4)
  2 dart slugs (D:5)
  25 orcs
  5 bats
  6 endoplasms
  13 goblins
  11 hobgoblins
  9 jackals
  17 kobolds
  5 quokkas
  A ball python (D:2)
  3 frilled lizards
  5 rats
197 creatures vanquished.

Vanquished Creatures (collateral kills)
  A freezing wraith (D:9)
1 creature vanquished.

Vanquished Creatures (others)
  24 fungi (D:8)
  29 plants (D:8)
  5 withered plants (D:6)
58 creatures vanquished.

Grand Total: 256 creatures vanquished

Notes
Turn   | Place    | Note
-------+----------+-------------------------------------------
     0 | D:1      | Morbidden the Demonspawn Fighter began the quest for the
                  | Orb.
     0 | D:1      | Reached XP level 1. HP: 18/18 MP: 1/1
    49 | D:1      | Noticed a shining eye
    51 | D:1      | Found a faded altar of an unknown god.
    53 | D:1      | Noticed a floating eye
    53 | D:1      | Noticed an eye of devastation
    53 | D:1      | Noticed a shining eye
   511 | D:1      | Gained mutation: You have a pair of small horns on your
                  | head. [demonic ancestry]
   511 | D:1      | Reached XP level 2. HP: 21/24 MP: 2/2
   735 | D:1      | Reached skill level 2 in Long Blades
  1173 | D:2      | Noticed Terence
  1288 | D:2      | Reached XP level 3. HP: 12/29 MP: 3/3
  1655 | D:1      | Reached skill level 3 in Long Blades
  1778 | D:2      | Gained mutation: You regenerate a little health from kills.
                  | [demonic ancestry]
  1778 | D:2      | Reached XP level 4. HP: 34/35 MP: 4/4
  1895 | D:2      | Noticed Sigmund
  2083 | D:2      | Killed Terence
  2262 | D:3      | Noticed Jessica
  2271 | D:3      | Killed Jessica
  2272 | D:3      | Reached skill level 1 in Dodging
  2272 | D:3      | Gained mutation: You are partially covered in razor-sharp
                  | scales. (AC +1, Slay +1) [demonic ancestry]
  2272 | D:3      | Reached XP level 5. HP: 36/41 MP: 5/5
  2336 | D:3      | Found Ebuguwunt's Weapon Emporium.
  2815 | D:4      | Reached skill level 4 in Long Blades
  2830 | D:4      | Noticed Robin
  2843 | D:4      | Killed Robin
  3273 | D:4      | Reached skill level 1 in Slings
  3273 | D:4      | Reached XP level 6. HP: 48/48 MP: 6/6
  3820 | D:5      | Entered Level 5 of the Dungeon
  3903 | D:5      | Found a staircase to the Ecumenical Temple.
  3937 | Temple   | Entered the Ecumenical Temple
  4006 | Temple   | Became a worshipper of Cheibriados the Contemplative
  4497 | D:5      | Gained mutation: You regenerate health from kills. [demonic
                  | ancestry]
  4497 | D:5      | Reached XP level 7. HP: 47/54 MP: 7/7
  4558 | D:5      | Reached skill level 1 in Invocations
  4938 | D:6      | Noticed Maggie
  4947 | D:6      | Killed Maggie
  4948 | D:6      | Reached skill level 1 in Short Blades
  5001 | D:6      | Gained mutation: Your demonic aura sometimes causes spilled
                  | blood to erupt in flames. [demonic ancestry]
  5001 | D:6      | Reached XP level 8. HP: 61/61 MP: 9/9
  5031 | D:6      | Found a shimmering altar of Xom.
  5031 | D:6      | Found a shimmering altar of Xom.
  5032 | D:6      | Found a shimmering altar of Xom.
  5120 | D:6      | Noticed Eustachio
  5148 | D:6      | Killed Eustachio
  5578 | D:6      | Reached * piety under Cheibriados
  5623 | D:6      | Reached skill level 5 in Fighting
  5658 | D:6      | Noticed Grinder
  5672 | D:6      | Killed Grinder
  5673 | D:6      | Reached skill level 5 in Long Blades
  5723 | D:6      | Found a runed translucent gate.
  5723 | D:6      | Found a runed translucent gate.
  5724 | D:6      | Found a runed translucent gate.
  5725 | D:6      | Noticed NoOffense's ghost (amateur SpBr)
  5725 | D:6      | Noticed noneguy's ghost (novice MiFi)
  6397 | D:7      | Gained mutation: You have a pair of horns on your head.
                  | [demonic ancestry]
  6397 | D:7      | Reached XP level 9. HP: 68/68 MP: 12/12
  6397 | D:7      | Found Giasupuc's Magic Scroll Boutique.
  6413 | D:7      | Bought a scroll of blinking for 97 gold pieces
  6413 | D:7      | Bought a scroll of teleportation for 39 gold pieces
  6413 | D:7      | Bought a scroll of teleportation for 39 gold pieces
  6413 | D:7      | Bought a scroll of teleportation for 39 gold pieces
  6600 | D:7      | Found Adghousm's General Store.
  6927 | D:8      | Reached skill level 5 in Slings
  6945 | D:8      | Reached skill level 5 in Invocations
  7037 | D:8      | Found a staircase to the Lair.
  7065 | D:8      | Reached ** piety under Cheibriados
  7073 | D:8      | Found Yvauk's Antique Armour Shop.
  7117 | D:8      | Bought a pair of boots for 94 gold pieces
  7270 | D:8      | Reached skill level 6 in Long Blades
  7339 | D:8      | Reached XP level 10. HP: 51/74 MP: 14/14
  7891 | D:9      | Reached skill level 5 in Armour
  7893 | D:9      | Reached *** piety under Cheibriados
  7944 | D:9      | Reached skill level 5 in Dodging
  7970 | D:9      | Identified the ring of Vauntiots {Wiz rF+}
  8236 | D:9      | Reached skill level 7 in Long Blades
  8564 | D:10     | Entered Level 10 of the Dungeon
  8564 | D:10     | Noticed Nergalle
  8572 | D:10     | HP: 2/70 [spectral orc warrior[Nergalle] (6)]
  8573 | D:10     | Mangled by a spectral orc knight

Illustrated notes

Levels and vault maps discovered:
D:1:      onia_arrival_mini_maze, layout_basic,
          hellmonk_ecumenical_altar_watching_god
D:2:      layout_rooms, minmay_misc_feat_x, uniq_terence, uniq_sigmund
D:3:      layout_basic, serial_shops, shop_fountains, uniq_jessica
D:4:      kennysheep_six_static_rooms, layout_loops_corners, uniq_robin
D:5:      layout_basic, minmay_temple_entry_ruins, hex_medium
D:6:      layout_basic, xom_redecorated, gammafunk_ghost_cemetery,
          hangedman_decor_opposing, uniq_maggie, uniq_grinder, uniq_eustachio
D:7:      layout_gridville, serial_shops, nicolae_shop_stone,
          nicolae_stop_n_shop_2
D:8:      layout_rooms, due_lair_maze_entry_diamond, serial_shops,
          nicolae_shop_advertising_works [nicolae_subvault_shop_adworks]
D:9:      layout_irregular_city, minmay_radiant
D:10:     layout_loops_ring, grunt_decor_clamped, hangedman_incinerator,
          uniq_urug, uniq_nergalle, uniq_erolcha
Temple:   mainiacjoe_temple_hex_bubbles

Skill      XL: |  1  2  3  4  5  6  7  8  9 10 |
---------------+-------------------------------+-----
Long Blades    | 2 3 4 5 6 7 |  7.1
Armour         | 3 4 5 |  5.1
Dodging        | 1 2 3 4 5 |  5.2
Shields        | 3 |  3.8
Slings         | 1 2 3 4 5 |  5.3
Fighting       | 4 5 6 |  6.6
Invocations    | 2 4 5 6 |  6.2
Short Blades   | 1 3 4 |  4.6
Stealth        | |  0.2

Action                   |  1- 3 |  4- 6 |  7- 9 | 10-12 || total
-------------------------+-------+-------+-------+-------++-------
Melee: Long sword        |    89 |    28 |    31 |    96 ||   244
       Headbutt          |    10 |    17 |    48 |    17 ||    92
       Short sword       |       |    76 |   185 |       ||   261
 Fire: Hunting sling     |       |   158 |   104 |       ||   262
Evoke: Wand              |       |       |       |     4 ||     4
  Use: Potion            |       |       |     1 |       ||     1
       Scroll            |       |       |     3 |     3 ||     6
Armor: Scale mail        |    49 |    73 |       |       ||   122
       Plate armour      |       |     8 |   168 |    70 ||   246
Dodge: Dodged            |    46 |   101 |    85 |    44 ||   276
Block: Buckler           |    24 |    46 |    59 |    28 ||   157
